 Dungeon Crawl Stone Soup version 0.30-a0-341-g682706514a (webtiles) character file.

Game seed: 3436517085393075236

508 IdlyInterested the Trooper (level 6, 0/51 HPs)
             Began as a Demonspawn Wanderer on Nov 1, 2022.
             Slain by a gnoll bouda
             ... wielding a +0 club
              (5 damage)
             ... on level 5 of the Dungeon.
             The game lasted 00:15:48 (4579 turns).

IdlyInterested the Trooper (Demonspawn Wanderer)    Turns: 4579, Time: 00:15:49

Health: 0/51       AC:  4    Str: 11    XL:     6   Next: 98%
Magic:  10/10      EV: 13    Int: 15    God:
Gold:   161        SH:  0    Dex: 14    Spells: 9/11 levels left

rFire   . . .      SeeInvis .    D - +2 dagger (elec)
rCold   . . .      Faith    .    e - orb {mayhem}
rNeg    . . .      Spirit   .    d - +1 robe
rPois   +          Reflect  .    (helmet restricted)
rElec   .          Harm     .    b - +0 cloak
rCorr   .          Rampage  .    (no gloves)
Will    .....                    (no boots)
Stlth   ++........               w - amulet of regeneration
HPRegen 1.08/turn                h - ring of poison resistance
MPRegen 0.12/turn                (no ring)

@: no status effects
A: hooves 1, horns 1, demonic guardian 1
a: no special abilities


You were on level 5 of the Dungeon.
You visited 1 branch of the dungeon, and saw 5 of its levels.
You also visited: Sewer.

You collected 218 gold pieces.
You spent 57 gold pieces at shops.

Inventory:

Hand Weapons
 a - a +3 dagger
 m - a +0 rapier
 t - a +2 dagger of freezing
 D - a +2 dagger of electrocution (weapon)
Missiles
 r - 2 boomerangs (quivered)
 z - 26 poisoned darts
Armour
 b - a +0 cloak (worn)
 d - a +1 robe (worn)
 e - an orb of mayhem (worn)
 o - a scarf of shadows
Jewellery
 h - a ring of poison resistance (left hand)
 w - an amulet of regeneration (around neck)
 E - an amulet of faith
Wands
 v - a wand of polymorph (10)
Scrolls
 i - 3 scrolls of blinking
 k - a scroll of silence
 u - a scroll of fear
 y - a scroll of identify
 C - a scroll of amnesia {unknown}
Potions
 c - a potion of haste
 f - 2 potions of attraction
 l - 4 potions of magic
 q - a potion of mutation
 x - 2 potions of curing
 F - a potion of might


   Skills:
 - Level 5.0 Fighting
 + Level 2.0 Short Blades
 - Level 2.0 Throwing
 - Level 3.0 Dodging
 * Level 2.0 Stealth
 - Level 3.0 Spellcasting
 * Level 1.6 Translocations
 - Level 2.0 Evocations


You had 9 spell levels left.
You knew the following spells:

 Your Spells              Type           Power      Damage    Failure   Level
a - Blink                 Tloc           14%        N/A       16%         2

Your spell library contained the following spells:

 Spells                   Type           Power      Damage    Failure   Level
 Freeze                   Ice            8%         1d3       21%         1
 Magic Dart               Conj           8%         1d3       21%         1
 Slow                     Hex            8%         N/A       21%         1
 Momentum Strike          Conj/Tloc      8%         3d8       22%         2
 Call Imp                 Summ           2%         N/A       30%         2
 Cigotuvi's Dreadful Rot  Necr/Pois/Air  4%         N/A       30%         2
 Poisonous Vapours        Pois/Air       4%         N/A       30%         2
 Sublimation of Blood     Necr           2%         N/A       30%         2
 Wereblood                Tmut           2%         N/A       30%         2
 Confusing Touch          Hex            2%         N/A       52%         3
 Frozen Ramparts          Ice            4%         1d1       52%         3
 Hailstorm                Conj/Ice       2%         3d3       52%         3
 Mephitic Cloud           Conj/Pois/Air  2%         N/A       52%         3
 Vampiric Draining        Necr           2%         2d6       52%         3
 Summon Hydra             Summ           1%         N/A       100%        7


Dungeon Overview and Level Annotations

Branches:
Dungeon (5/15)              Sewer (visited)
 Temple: D:4-7

Altars:
Qazlal

Shops:
D:2 *


Innate Abilities, Weirdness & Mutations

You have large cloven feet.
You have a pair of small horns on your head.
A weak demonic guardian rushes to your aid.


Message History

The gnoll hits you with a +0 spear. The gnoll bouda barely misses you.
The gnoll hits you from afar with a +0 spear.
The gnoll hits the gnoll with a +0 whip.
You hit the gnoll. You kick the gnoll, but do no damage.
The gnoll is heavily wounded.
Your attacks no longer feel as feeble.
The ogre closely misses you. The gnoll hits you with a +0 spear.
The gnoll bouda calls upon its god to heal the gnoll.
The gnoll is healed somewhat.
The gnoll hits you from afar with a +0 spear.
A demonic guardian appears!
The gnoll misses the gnoll.
You hit the gnoll.
The gnoll is moderately wounded.
The gnoll completely misses the gnoll.
The gnoll bouda barks out a call to the hunt!
The gnolls pick up the pace!
The gnoll hits you but does no damage.
The gnoll hits you from afar with a +0 spear.
Your ufetubus hits the gnoll bouda.
Your ufetubus barely misses the gnoll bouda.
The ogre closely misses you.
You hit the gnoll bouda.
The gnoll bouda is heavily wounded.
The gnoll completely misses the gnoll.
Your ufetubus barely misses the gnoll bouda.
Your ufetubus hits the gnoll bouda.
The gnoll hits you from afar with a +0 spear!
The gnoll hits you with a +0 spear.
The gnoll bouda hits your ufetubus with a +0 club.
The gnoll hits the gnoll with a +0 whip!
The gnoll dies!
Your Stealth skill increases to level 2!
You barely miss the gnoll bouda. You headbutt the gnoll bouda.
The gnoll bouda is severely wounded.
Your ufetubus closely misses the gnoll bouda. x2
The gnoll misses your ufetubus. The ogre hits you with a +0 giant club!
* * * LOW HITPOINT WARNING * * *
The gnoll closely misses you.
The gnoll bouda hits you with a +0 club.
You die...

########
#....g@#
#..g)gO#
#...5<.#
#......#
#......#
#......#
#......#
###..###
##.


You could see an ogre, a gnoll bouda (ally target), a gnoll (swift), a neutral
gnoll (fast, strong, insane, distracted) and a friendly ufetubus (summoned).

Vanquished Creatures
  A bullfrog (Sewer)
  A scorpion (D:4)
  An orc priest (D:4)
  Crazy Yiuf (D:4)
  A hound (D:4)
  3 orc wizards
  2 gnolls
  6 adders
  An ufetubus (D:4)
  2 worms
  3 dart slugs
  9 orcs
  2 bats
  4 endoplasms
  9 giant cockroaches
  9 goblins
  7 hobgoblins
  4 jackals (D:3)
  6 quokkas
  10 ball pythons
  9 frilled lizards
  5 kobolds
  4 rats
100 creatures vanquished.

Vanquished Creatures (collateral kills)
  An orc wizard (D:5)
  A gnoll (D:5)
  3 orcs (D:3)
  A giant cockroach (Sewer)
6 creatures vanquished.

Vanquished Creatures (others)
  A giant cockroach (D:3)
1 creature vanquished.

Grand Total: 107 creatures vanquished

Notes
Turn   | Place    | Note
-------+----------+-------------------------------------------
     0 | D:1      | IdlyInterested the Demonspawn Wanderer began the quest for
                  | the Orb.
     0 | D:1      | IdlyInterested set off with the following items: a +3
                  | dagger, a curare-tipped dart, a potion of haste, a +0 robe;
                  | and the following spells available to memorise: Blink,
                  | Momentum Strike.
     0 | D:1      | Reached XP level 1. HP: 18/18 MP: 2/2
   281 | D:1      | Discovered your monstrous ancestry.
   281 | D:1      | Gained mutation: You have large cloven feet. [demonic
                  | ancestry]
   281 | D:1      | Reached XP level 2. HP: 24/24 MP: 3/3
   902 | D:2      | Learned a level 2 spell: Blink
  1102 | D:2      | Reached XP level 3. HP: 26/30 MP: 5/5
  1239 | D:2      | Found Xicittapt's Assorted Antiques.
  1749 | D:2      | Bought a scroll labelled VIRCHE QEHEYG for 30 gold pieces
  1749 | D:2      | Bought a grey potion for 27 gold pieces
  1774 | D:3      | Reached skill level 4 in Fighting
  1788 | D:3      | Found a glowing drain.
  1813 | D:3      | Gained mutation: You have a pair of small horns on your
                  | head. [demonic ancestry]
  1813 | D:3      | Reached XP level 4. HP: 33/37 MP: 6/6
  1815 | Sewer    | Entered a sewer
  2062 | Sewer    | Noticed a bullfrog
  2074 | Sewer    | Killed a bullfrog
  2075 | Sewer    | Reached XP level 5. HP: 15/43 MP: 8/8
  2590 | D:3      | Found a stormy altar of Qazlal.
  3410 | D:4      | Reached skill level 5 in Fighting
  3410 | D:4      | Gained mutation: A weak demonic guardian rushes to your
                  | aid. [demonic ancestry]
  3410 | D:4      | Reached XP level 6. HP: 31/51 MP: 8/10
  3691 | D:4      | Reached skill level 1 in Stealth
  3842 | D:4      | Reached skill level 1 in Short Blades
  3970 | D:4      | Found a runed translucent door.
  3971 | D:4      | Noticed Crazy Yiuf
  4412 | D:4      | Killed Crazy Yiuf
  4504 | D:5      | Entered Level 5 of the Dungeon
  4579 | D:5      | Slain by a gnoll bouda

Illustrated notes

Levels and vault maps discovered:
D:1:      minmay_arrival_semitransparent, layout_loops_ring,
          kennysheep_minor_cross, dk_noncrumbling_4
D:2:      layout_loops_cross, serial_shops, nicolae_shop_statue_plus,
          grunt_ministairs_11, minmay_pentomino_w4
D:3:      layout_rooms, mainiacjoe_overflow_concentric_impassable,
          cheibrodos_sewer_entry_drain
D:4:      layout_rooms, serial_co_window_serial, co_window_corner_a,
          co_window_corner_a, co_window_corner_a, co_window_corner_a,
          co_window_paths_a, co_window_paths_a, co_window_paths_b,
          co_window_broadway_c, co_window_cross_4, co_window_cross_2,
          co_window_broadway_c, co_window_cross_3, co_window_paths_c,
          co_window_paths_c, co_window_paths_d, glass_columns_a,
          glass_columns_a, glass_columns_a, uniq_crazy_yiuf_cottage
D:5:      layout_loops_cross, minmay_temple_entry_from_below_a, uniq_eustachio,
          uniq_sigmund

Skill      XL: |  1  2  3  4  5  6 |
---------------+-------------------+-----
Fighting       | 4 5 |  5.0
Dodging        | 2 3 |  3.0
Spellcasting   | 2 3 |  3.0
Throwing       | 2 |  2.0
Stealth        | 2 |  2.0
Short Blades   | 2 |  2.0
Translocations | |  1.6
Evocations     | |  2.0

Action                   |  1- 3 |  4- 6 || total
-------------------------+-------+-------++-------
Melee: Dagger            |   109 |   180 ||   289
       Punch             |     3 |       ||     3
       Kick              |    29 |    46 ||    75
       Headbutt          |       |    27 ||    27
       Mace              |       |    23 ||    23
Throw: Dart              |     1 |     1 ||     2
  Use: Scroll            |     5 |    11 ||    16
       Potion            |       |     1 ||     1
 Stab: Sleeping          |     1 |     1 ||     2
Armor: Robe              |    14 |    39 ||    53
Dodge: Dodged            |    66 |   138 ||   204

Table legend: (Time is in decaauts)
 A = Elapsed time spent in this place.
 B = Non-inter-level travel time spent in this place.
 C = Inter-level travel time spent in this place.
 D = Time resting spent in this place.
 E = Time spent auto-exploring this place.
 F = Levels seen in this place.
 G = Mean time per level.
                   A        B        C        D        E       F      G
               +--------+--------+--------+--------+--------+-----+--------+
         Total |   4661 |   4092 |    569 |    430 |   2274 |   6 |  776.8 |
       Dungeon |   4157 |   3588 |    569 |    323 |   2260 |   5 |  831.4 |
         Sewer |    504 |    504 |      0 |    107 |     14 |   1 |  504.0 |
               +--------+--------+--------+--------+--------+-----+--------+

Top non-repeatable levels by time:
     D:4: 1245 daAuts
     D:3: 1018 daAuts
     D:2: 968 daAuts
     D:1: 895 daAuts
   Sewer: 504 daAuts
     D:5: 29 daAuts
